 Seeded DCSS version 0.28-a0-595-g9f6c0e134a (webtiles) character file.

Game seed: 20211004 (custom seed)

3402 a11behringer the Spear-Bearer (level 9, -1/79 HPs)
             Began as a Minotaur Berserker on Oct 4, 2021.
             Was an Elder of Trog.
             Slain by a death yak (17 damage)
             ... on level 8 of the Dungeon.
             The game lasted 00:30:50 (5648 turns).

a11behringer the Spear-Bearer (Minotaur Berserker)  Turns: 5648, Time: 00:30:51

Health: -1/79      AC: 23    Str: 21    XL:     9   Next: 75%
Magic:  8/8        EV: 10    Int:  4    God:    Trog [****..]
Gold:   407        SH:  0    Dex: 14    Spells: 8/8 levels left

rFire   . . .      SeeInvis .   J - +4 spear (freeze)
rCold   . . .      Faith    .   (no shield)
rNeg    + . .      Spirit   .   F - +3 scale mail {rN+}
rPois   .          Reflect  .   h - +2 hat
rElec   .          Harm     .   r - +2 cloak
rCorr   .          Rampage  .   (no gloves)
Will    .....                   o - +2 pair of boots
Stlth   ..........              (no amulet)
HPRegen 0.23/turn               v - +4 ring of protection
MPRegen 0.11/turn               (no ring)

@: mighty
A: horns 2, retaliatory headbutt
a: Renounce Religion, Berserk, Trog's Hand, Brothers in Arms


You were on level 8 of the Dungeon.
You worshipped Trog.
Trog was greatly pleased with you.
You visited 2 branches of the dungeon, and saw 9 of its levels.

You collected 407 gold pieces.

Inventory:

Hand Weapons
 a - a +0 spear
 j - a +0 hand crossbow
 k - a +1 spear of flaming
 y - a +1 scythe of venom
 H - the +5 hunting sling "Igisuesh" {vorpal, Will+ Int+2}
   (You found it on level 7 of the Dungeon)

   Any ammunition fired from it inflicts extra damage upon your enemies.
   Int:       It affects your intelligence (+2).
   Will:      It increases your willpower.
 J - a +4 spear of freezing (weapon)
Missiles
 p - 62 bolts
 s - 2 throwing nets (quivered)
Armour
 b - a +0 animal skin
 e - a +0 chain mail
 f - a +2 robe of positive energy
 h - a +2 hat (worn)
 o - a +2 pair of boots (worn)
 r - a +2 cloak (worn)
 F - a +3 scale mail of positive energy (worn)
Jewellery
 q - a ring of ice
 v - a +4 ring of protection (left hand)
Wands
 d - a wand of paralysis (6)
 C - a wand of mindburst (24)
Scrolls
 l - a scroll of vulnerability {unknown}
 m - 2 scrolls of silence
 x - 5 scrolls of enchant armour
 A - 2 scrolls of teleportation {unknown}
 B - a scroll of fear {unknown}
 D - a scroll of fog {unknown}
 E - a scroll of immolation {unknown}
 L - a scroll of magic mapping {unknown}
 M - a scroll of amnesia {unknown}
Potions
 c - 2 potions of might
 g - 3 potions of berserk rage
 i - a potion of ambrosia
 n - 2 potions of heal wounds
 t - a potion of lignification {unknown}
 u - 2 potions of flight
 w - 2 potions of curing
 z - 2 potions of mutation
 I - a potion of cancellation
 K - 2 potions of attraction


   Skills:
 + Level 7.3 Fighting
 - Level 14.2 Polearms
 * Level 6.8 Armour
 - Level 2.1 Dodging


You had 8 spell levels left.
You didn't know any spells.
Your spell library was empty.

Dungeon Overview and Level Annotations

Branches:
Dungeon (8/15)             Temple (1/1) D:5            Lair (0/6) D:8

Altars:
Ashenzari
Dithmenos
Elyvilon
Gozag
Hepliaklqana
Kikubaaqudgha
Okawaru
Qazlal
Ru
Vehumet
Wu Jian
Yredelemnul
Zin
The Shining One


Innate Abilities, Weirdness & Mutations

You have a pair of horns on your head.
You reflexively headbutt those who attack you in melee.


Message History

The death yak gores you but does no damage.
The death yak gores you.
The death yak gores you but does no damage.
The orc priest hits you with a +0 club. The gnoll sergeant closely misses you.
The death yak gores you!
You feel very mighty all of a sudden. The death yak gores you.
The death yak closely misses you. The death yak gores you!!
* * * LOW HITPOINT WARNING * * *
The orc priest hits you but does no damage.
The gnoll sergeant hits you from afar with a +0 trident.
* * * LOW HITPOINT WARNING * * *
The death yak gores you but does no damage.
Magic scrolls do not work when you're silenced!
Unknown command.
You feel much better.
The death yak gores you but does no damage.
The death yak gores you! The death yak misses you.
The orc priest barely misses you. You furiously retaliate!
You headbutt the orc priest. The death yak gores you!
* * * LOW HITPOINT WARNING * * *
The gnoll sergeant hits you but does no damage.
Okay, then.
You impale the orc priest!! You freeze the orc priest.
You kill the orc priest!
Trog accepts your kill.
You hit the death yak. You freeze the death yak.
The death yak is lightly wounded.
The death yak gores you!!
* * * LOW HITPOINT WARNING * * *
The death yak gores you but does no damage.
The death yak closely misses you.
The death yak gores you but does no damage.
The gnoll sergeant hits you but does no damage.
You feel much better.
Your hearing returns.
The death yak gores you!
* * * LOW HITPOINT WARNING * * *
The death yak gores you!
You die...

##.##.............
##.................
#................))
###..............).
#...............))
###.................
###.o##...............
#.$gYYY.........####..
##.gY@Y..!........ ##.
##.g###./.....$... ##
#...#.#.$......## #
#...#.........## ##
#####.Y..#......... ..
##.##...(Y.......#...
..
#...##.##.#......##..
#. #....#...gY.......
.. ..
#...........Y..## ..


You could see 5 death yaks, a gnoll sergeant, an orc priest and 2 gnolls.

Vanquished Creatures
  Pikel (D:5)
  Sigmund (D:5)
  A wyvern (D:8)
  Menkaure (D:4)
  Duvessa (D:6)
  A water moccasin (D:6)
  An ice beast (D:6)
  2 sky beasts
  An orc warrior (D:7)
  3 ogres
  2 centaurs
  A phantom (D:6)
  A kobold brigand (D:8)
  Blork the orc (D:5)
  A bullfrog (D:7)
  A gnoll sergeant (D:7)
  4 scorpions
  Dowan (D:6)
  4 wights (D:7)
  A howler monkey (D:5)
  A centaur zombie (D:8)
  2 orc priests
  Crazy Yiuf (D:5)
  A centaur skeleton (D:7)
  Ijyb (D:4)
  2 iguanas
  5 orc wizards
  A hound skeleton (D:5)
  Robin (D:2)
  14 gnolls
  8 adders
  A shadow imp (D:3)
  2 white imps
  An adder zombie (D:5)
  An adder skeleton (D:4)
  2 worms
  3 dart slugs
  18 orcs
  5 bats
  7 endoplasms
  5 giant cockroaches
  13 goblins
  13 hobgoblins
  6 quokkas
  9 ball pythons
  3 frilled lizards
  10 kobolds
  4 rats
170 creatures vanquished.

Vanquished Creatures (others)
  A human (D:6)
  5 toadstools (D:5)
6 creatures vanquished.

Grand Total: 176 creatures vanquished

Notes
Turn   | Place    | Note
-------+----------+-------------------------------------------
     0 | D:1      | a11behringer the Minotaur Berserker began the quest for the
                  | Orb.
     0 | D:1      | Reached XP level 1. HP: 19/19 MP: 0/0
    34 | D:1      | Found a faded altar of an unknown god.
    94 | D:1      | Reached skill level 4 in Polearms
   158 | D:1      | Reached XP level 2. HP: 25/26 MP: 1/1
   744 | D:2      | Reached skill level 5 in Polearms
   751 | D:2      | Reached XP level 3. HP: 19/31 MP: 2/2
   871 | D:2      | Noticed Robin
   880 | D:2      | Killed Robin
   880 | D:2      | Reached ** piety under Trog
  1072 | D:2      | Reached XP level 4. HP: 35/39 MP: 3/3
  1074 | D:2      | Reached skill level 6 in Polearms
  1192 | D:2      | Found a hazy altar of Hepliaklqana.
  1555 | D:3      | Reached skill level 7 in Polearms
  1555 | D:3      | Reached XP level 5. HP: 45/45 MP: 4/4
  1762 | D:3      | Reached *** piety under Trog
  2095 | D:4      | Noticed Ijyb
  2096 | D:4      | Paralysed by Ijyb for 4 turns
  2112 | D:4      | Killed Ijyb
  2113 | D:4      | Reached skill level 8 in Polearms
  2158 | D:4      | Reached XP level 6. HP: 51/51 MP: 5/5
  2186 | D:4      | Noticed Menkaure
  2195 | D:4      | Killed Menkaure
  2196 | D:4      | Reached skill level 9 in Polearms
  2377 | D:4      | Noticed a sky beast
  2385 | D:4      | Killed a sky beast
  2386 | D:4      | Reached XP level 7. HP: 48/57 MP: 6/6
  2567 | D:5      | Entered Level 5 of the Dungeon
  2582 | D:5      | Found a hazy altar of Hepliaklqana.
  2582 | D:5      | Found a radiant altar of Vehumet.
  2695 | D:5      | Found a runed translucent door.
  2696 | D:5      | Noticed Crazy Yiuf
  2730 | D:5      | Reached skill level 10 in Polearms
  2789 | D:5      | Found a staircase to the Ecumenical Temple.
  2847 | D:5      | Noticed Sigmund
  2853 | D:5      | Killed Sigmund
  2893 | D:5      | Reached skill level 11 in Polearms
  3229 | D:5      | Noticed Pikel
  3234 | D:5      | Reached XP level 8. HP: 52/64 MP: 7/7
  3241 | D:5      | Killed Pikel
  3242 | D:5      | Reached skill level 13 in Polearms
  3356 | D:5      | Noticed Blork the orc
  3370 | D:5      | Killed Blork the orc
  4037 | D:5      | Killed Crazy Yiuf
  4078 | Temple   | Entered the Ecumenical Temple
  4170 | D:6      | You fall into a shaft and drop 2 floors!
  4207 | D:8      | Reached skill level 14 in Polearms
  4221 | D:8      | Reached **** piety under Trog
  4222 | D:8      | Reached XP level 9. HP: 70/70 MP: 8/8
  4331 | D:8      | Found a white marble altar of Elyvilon.
  4337 | D:8      | Found an ornate altar of the Wu Jian Council.
  4341 | D:8      | Found a glowing silver altar of Zin.
  4379 | D:8      | Noticed a death yak
  4396 | D:7      | Identified the +5 hunting sling "Igisuesh" {vorpal, Will+
                  | Int+2}
  4525 | D:7      | Reached skill level 5 in Fighting
  4635 | D:7      | Reached skill level 5 in Armour
  4798 | D:6      | Found an ancient bone altar of Kikubaaqudgha.
  4798 | D:6      | Noticed Duvessa
  4798 | D:6      | Noticed Dowan
  4811 | D:6      | Killed Duvessa
  4818 | D:6      | Killed Dowan
  5620 | D:8      | Found a staircase to the Lair.
  5620 | D:8      | Noticed a death yak
  5620 | D:8      | Noticed a death yak
  5621 | D:8      | Noticed a death yak
  5621 | D:8      | Noticed a death yak
  5647 | D:8      | HP: 3/79 [death yak (18)]
  5648 | D:8      | Slain by a death yak

Illustrated notes

Levels and vault maps discovered:
D:1:      mrwooster_arrival_statue_2, layout_loops_ring,
          ebering_ecumenical_altar_webs, kennysheep_crisscross, st_stairs_3
D:2:      layout_basic, basic_altar, uniq_robin
D:3:      layout_rooms
D:4:      layout_basic, uniq_menkaure, uniq_ijyb
D:5:      layout_gridville, gammafunk_temple_overflow_wave,
          minmay_temple_entry_stoned_glass, minmay_gold_behind_fungi,
          uniq_sigmund, uniq_blork_the_orc, uniq_crazy_yiuf_cottage, uniq_pikel
D:6:      layout_cave_pools, tgw_kikubaaqudgha, uniq_duvessa
D:7:      layout_rooms, eino_curves_04, sigmund_army
D:8:      layout_cave_pools, minmay_overflow_temple_star_quad,
          dpeg_lair_monsters
Temple:   eino_narrow_crystal_temple

Skill      XL: |  1  2  3  4  5  6  7  8  9 |
---------------+----------------------------+-----
Polearms       | 4 5 7 8 9 11 14 | 14.2
Fighting       | 7 |  7.3
Armour         | 6 |  6.8
Dodging        | |  2.1

Action                   |  1- 3 |  4- 6 |  7- 9 || total
-------------------------+-------+-------+-------++-------
Melee: Spear             |    61 |   131 |   298 ||   490
       Headbutt          |     9 |    26 |    71 ||   106
Invok: Berserk           |     1 |     2 |     5 ||     8
       Trog's Hand       |       |     2 |     8 ||    10
  Use: Scroll            |     2 |     3 |     7 ||    12
       Potion            |       |       |     4 ||     4
Armor: Robe              |    23 |    45 |    49 ||   117
       Scale mail        |       |       |   103 ||   103
Dodge: Dodged            |    32 |    66 |   131 ||   229

Table legend: (Time is in decaauts)
 A = Elapsed time spent in this place.
 B = Non-inter-level travel time spent in this place.
 C = Inter-level travel time spent in this place.
 D = Time resting spent in this place.
 E = Time spent auto-exploring this place.
 F = Levels seen in this place.
 G = Mean time per level.
                   A        B        C        D        E       F      G
               +--------+--------+--------+--------+--------+-----+--------+
         Total |   5537 |   4426 |   1111 |      0 |   3383 |   9 |  615.2 |
       Dungeon |   5535 |   4424 |   1111 |      0 |   3383 |   8 |  691.9 |
        Temple |      1 |      1 |      0 |      0 |      0 |   1 |    1.0 |
               +--------+--------+--------+--------+--------+-----+--------+

Top non-repeatable levels by time:
     D:5: 1514 daAuts
     D:2: 877 daAuts
     D:7: 616 daAuts
     D:6: 599 daAuts
     D:1: 595 daAuts
     D:3: 576 daAuts
     D:4: 500 daAuts
     D:8: 255 daAuts
  Temple: 1 daAuts
